 Dungeon Crawl Stone Soup version 0.23.1 (webtiles) character file.

Game seed: 10387844677385949918

54 Borgoz the Skirmisher (level 3, 0/33 HPs)
             Began as a Ghoul Monk on Mar 8, 2019.
             Slain by an orc
             ... wielding a +0 flail
              (4 damage)
             ... on level 2 of the Dungeon.
             The game lasted 00:02:33 (2172 turns).

Borgoz the Skirmisher (Ghoul Monk)                  Turns: 2172, Time: 00:02:34

Health: 0/33       AC:  5    Str: 14    XL:     3   Next: 91%
Magic:  2/2        EV: 11    Int:  6    God:
Gold:   143        SH:  0    Dex: 11    Spells: 2/2 levels left

rFire    . . .     SeeInvis .   a - +0 short sword
rCold    + . .     Gourm    .   (no shield)
rNeg     + + +     Faith    .   k - +0 ring mail
rPois    ∞         Spirit   .   (no helmet)
rElec    .         Reflect  .   (no cloak)
rCorr    .         Harm     .   (no gloves)
MR       .....                  (no boots)
Stlth    +.........             (no amulet)
HPRegen  0.00/turn              (no ring)
MPRegen  0.08/turn              (no ring)

@: rotting
A: rotting body, claws 1, carnivore, cold resistance 1, negative energy
resistance 3, inhibited regeneration, torment resistance, unbreathing
a: no special abilities


You were on level 2 of the Dungeon.
You were not hungry.

You visited 1 branch of the dungeon, and saw 3 of its levels.

You collected 143 gold pieces.

Inventory:

Hand Weapons
 a - a +0 short sword (weapon)
Armour
 k - a +0 ring mail (worn)
Scrolls
 e - a scroll of amnesia {unknown}
 f - 2 scrolls of identify {unknown}
 h - a scroll of fear {unknown}
 i - 2 scrolls of magic mapping {unknown}
Potions
 d - a potion of invisibility {unknown}
 g - a potion of curing {unknown}
Comestibles
 c - 3 rations


   Skills:
 + Level 3.7 Fighting
 + Level 3.3 Short Blades
 + Level 3.2 Dodging
 + Level 2.6 Stealth


You had 2 spell levels left.
You didn't know any spells.
Your spell library was empty.

Dungeon Overview and Level Annotations

Branches:
Dungeon (3/15)

Altars:


Innate Abilities, Weirdness & Mutations

Your body is rotting away.
You thrive on raw meat.
You are immune to poison.
You have sharp fingernails.
You are carnivorous and can eat meat at any time.
Your flesh is cold resistant. (rC+)
You are immune to negative energy. (rN+++)
You do not regenerate when monsters are visible.
You are immune to unholy pain and torment.
You can survive without breathing.


Message History

You hit the orc but do no damage.
The orc is moderately wounded.
The orc barely misses you.
You hit the orc but do no damage.
The orc is moderately wounded.
The orc closely misses you.
You barely miss the orc.
The orc is moderately wounded.
The orc hits you with a +0 flail.
* * * LOW HITPOINT WARNING * * *
You closely miss the orc.
The orc is moderately wounded.
The orc hits you with a +0 flail.
* * * LOW HITPOINT WARNING * * *
You hit the orc but do no damage.
The orc is moderately wounded.
You hit the orc but do no damage.
The orc is moderately wounded.
The orc hits you with a +0 flail.
You die...

.##.# #.## #..# #.## #####.
.##.###.######.#####<.#### #.#.
.##............#.........# #.#.
.######.########.####.##.# #...
.# #.# #.###.#.#.# #.##
#######.##### #.##.###..# #...
#..........<####.##..#...# ####
#.#####.###.........#.#..# ###
.#.## #.........@........#### #..
###.#######.####o####.......###.#
# ##...# #..# #.# ####.........#
###.#### #..# ### #.........#...
.#.## #..# ####..##..#..# #.##
#..# #..)..##..#..#
#.#########(.##########.###.....#
#.........#..#.......##.# #...#.#
..#.......#..#........#.###...#.#


You could see an orc.

Vanquished Creatures
  2 adders
  A dart slug (D:1)
  A leopard gecko (D:1)
  A ball python (D:1)
  A giant cockroach (D:1)
  2 goblins (D:1)
  7 hobgoblins
  A quokka (D:3)
  6 bats
  4 frilled lizards
  4 kobolds
  3 rats
33 creatures vanquished.

Notes
Turn   | Place    | Note
-------+----------+-------------------------------------------
     0 | D:1      | Borgoz the Ghoul Monk began the quest for the Orb.
     0 | D:1      | Reached XP level 1. HP: 19/19 MP: 0/0
   143 | D:1      | Reached XP level 2. HP: 21/26 MP: 1/1
   532 | D:1      | Reached XP level 3. HP: 27/31 MP: 2/2
   692 | D:2      | Found a faded altar of an unknown god.
  2172 | D:2      | Slain by an orc

Skill      XL: |  1  2 |
---------------+-------+-----
Short Blades   | 3 |  3.3
Dodging        | 3 |  3.2
Fighting       | |  3.7
Stealth        | |  2.6

Action                   || total
-------------------------++-------
Melee: Short sword       ||   172
 Stab: Sleeping          ||     4
  Eat: Chunk             ||     9
Armor: Robe              ||    28
       Ring mail         ||     8
Dodge: Dodged            ||   112
